 Dungeon Crawl Stone Soup version 0.30.0-10-gfe55d96785 (webtiles) character file.

Game seed: 5763071118452548249

79 qw the Chopper (level 4, 0/28 HPs)
             Began as a Gargoyle Cinder Acolyte on May 17, 2023.
             Was a High Priest of Ignis.
             Slain by a gnoll
             ... wielding a +0 halberd
              (6 damage)
             ... on level 2 of the Dungeon.
             The game lasted 00:00:52 (1485 turns).

qw the Chopper (Gargoyle Cinder Acolyte)            Turns: 1485, Time: 00:00:52

Health: 0/28       AC: 15    Str: 20    XL:     4   Next: 37%
Magic:  5/5        EV: 10    Int: 14    God:    Ignis [*****.]
Gold:   67         SH:  0    Dex:  5    Spells: 5/5 levels left

rFire   + . .        Y - -1 hand axe (flame)
rCold   . . .        (no shield)
rNeg    + . .        c - +0 ring mail
rPois   inf          (no helmet)
rElec   +            (no cloak)
rCorr   .            (no gloves)
SInv    .            (no boots)
Will    .....        (no amulet) Stlth
                     (no ring)
HPRegen 0.24/turn    (no ring)
MPRegen 0.09/turn

%: no passive effects
@: about to teleport, fiery-armoured
A: sickness immunity, AC +3, negative energy resistance 1, electricity
resistance, torment resistance 1, petrification resistance
a: Renounce Religion, Fiery Armour, Foxfire Swarm, Rising Flame


You were on level 2 of the Dungeon.
You worshipped Ignis.
Ignis was extremely pleased with you.
You visited 1 branch of the dungeon, and saw 2 of its levels.

You collected 67 gold pieces.


Innate Abilities, Weirdness & Mutations

You are immune to sickness and miasma.
Your stone body is resilient. (AC +3)
You are immune to poison.
You resist negative energy. (rN+)
You are resistant to electric shocks. (rElec)
You are resistant to unholy torment.
You are immune to petrification.


   Skills:
 - Level 3.2 Fighting
 + Level 4.4 Axes
 - Level 1.0 Armour
 - Level 1.0 Spellcasting
 - Level 3.0 Fire Magic


You had 5 spell levels left.
You didn't know any spells.
Your spell library contained the following spells:

 Spells                   Type           Power      Damage    Failure   Level
 Scorch                   Fire           18%        2d6       19%         2

Inventory:

Hand Weapons
 Y - a -1 hand axe of flaming (weapon)
Armour
 c - a +0 ring mail (worn)
Scrolls
 a - 2 scrolls of teleportation
 e - a scroll of enchant weapon {unknown}
 f - a scroll of identify
 i - a scroll of noise {unknown}
Potions
 b - a potion of heal wounds {unknown}
 d - a potion of curing {unknown}
 g - a potion of haste {unknown}
 h - 2 potions of attraction {unknown}

Dungeon Overview and Level Annotations

Branches:
Dungeon (2/15)

Altars:


Message History

You hit the gnoll but do no damage. The gnoll barely misses you.
The gnoll hits you but does no damage.
The gnoll is burned by your cloak of flames.
The gnoll is heavily wounded.
The gnoll hits you but does no damage.
You hit the gnoll. You burn the gnoll.
You kill the gnoll!
You hit the gnoll. You burn the gnoll. The gnoll closely misses you.
The gnoll barely misses you. x2
The gnoll hits you with a +0 halberd!
The gnoll is burned by your cloak of flames.
The gnoll is severely wounded.
You completely miss the gnoll.
The gnoll is severely wounded.
The gnoll hits you but does no damage.
The gnoll is burned by your cloak of flames.
The gnoll is almost dead.
The gnoll throws a throwing net.
The throwing net hits you.
You become entangled in the net!
You tear a large gash into the net.
The gnoll completely misses you. The gnoll hits you but does no damage.
You struggle against the net.
The gnoll hits you with a +0 halberd.
The gnoll is burned by your cloak of flames.
You kill the gnoll!
The gnoll hits you from afar with a +0 halberd.
1481 ||| READING 4 scrolls of teleportation.
As you read the scroll of teleportation, it crumbles to dust.
You feel strangely unstable. The gnoll hits you but does no damage.
You shred the net and break free! The gnoll closely misses you.
Your surroundings seem slightly different.
The gnoll closely misses you.
1484 ||| READING 3 scrolls of teleportation.
As you read the scroll of teleportation, it crumbles to dust.
You feel strangely unstable. The gnoll barely misses you.
The gnoll hits you with a +0 halberd.
You die...

...##.....##....
##............##
...##.....##.## ##
##....##.### #..........
.## #.#........ ....#
#######.##.......
......###.......###......
## .......g@)......#
#...... .##
......###...>...# #......
..### ..... #.......#
###.##. .... #...
######..# #..#. ... ..#
#.## ##... ..# # #.# ##..
..#####.#.... #.# #..
<............ .###### #..
..).........#
..(......)..##..


You could see a gnoll.

Vanquished Creatures
  3 gnolls (D:2)
  3 dart slugs (D:1)
  7 ball pythons
  4 bats (D:1)
  4 endoplasms (D:1)
  A giant cockroach (D:1)
  3 hobgoblins
  4 jackals (D:1)
  A quokka (D:1)
  A frilled lizard (D:2)
  3 goblins (D:1)
  2 kobolds
  4 rats (D:1)
40 creatures vanquished.

Notes
Turn   | Place    | Note
-------+----------+-------------------------------------------
     0 | D:1      | qw the Gargoyle Cinder Acolyte began the quest for the Orb.
     0 | D:1      | Reached XP level 1. HP: 14/14 MP: 2/2
     0 | D:1      | 0 ||| qw: Version: 0.2-a-95-g4c1bab1
     0 | D:1      | 0 ||| qw: Game counter: 150
     0 | D:1      | 0 ||| qw: Always use a shield: true
     0 | D:1      | 0 ||| qw: God list: Okawaru
     0 | D:1      | 0 ||| qw: Allow faded altars: false
     0 | D:1      | 0 ||| qw: Do Orc after D:15 true
     0 | D:1      | 0 ||| qw: Do second Lair branch before Depths: true
     0 | D:1      | 0 ||| qw: Lair rune preference: random
     0 | D:1      | 0 ||| qw: Plans: Normal
     0 | D:1      | 0 ||| PLANNING D:1-11
    96 | D:1      | Reached skill level 3 in Axes
   251 | D:1      | Reached XP level 2. HP: 19/19 MP: 3/3
   634 | D:1      | 634 ||| Stepping ~*~*~tactically~*~*~ (stealth).
   725 | D:1      | Reached XP level 3. HP: 23/23 MP: 4/4
   785 | D:1      | 785 ||| INVOKING Fiery Armour.
   872 | D:1      | Reached skill level 4 in Axes
  1194 | D:1      | 1194 ||| UPGRADING to +0 ring mail.
  1204 | D:1      | 1204 ||| DROPPING +0 robe.
  1205 | D:1      | 1205 ||| READING 5 scrolls labelled HOPAUR SOFOS.
  1208 | D:1      | 1208 ||| READING scroll labelled QIYT ZAJEISK.
  1209 | D:1      | 1209 ||| READING 2 scrolls labelled WAMAIQ YVVYALE.
  1210 | D:1      | 1210 ||| READING scroll labelled FON JYNUWNUY.
  1211 | D:1      | 1211 ||| READING scroll labelled ERHUFU EHIKKUGUI.
  1235 | D:2      | Reached skill level 1 in Armour
  1405 | D:2      | Reached XP level 4. HP: 28/28 MP: 5/5
  1467 | D:2      | 1467 ||| Stepping ~*~*~tactically~*~*~ (hiding).
  1468 | D:2      | 1468 ||| Stepping ~*~*~tactically~*~*~ (hiding).
  1470 | D:2      | 1470 ||| Stepping ~*~*~tactically~*~*~ (hiding).
  1471 | D:2      | 1471 ||| Stepping ~*~*~tactically~*~*~ (stealth).
  1474 | D:2      | 1474 ||| INVOKING Fiery Armour.
  1480 | D:2      | HP: 7/28 [gnoll/+0 halberd (6)]
  1481 | D:2      | 1481 ||| READING 4 scrolls of teleportation.
  1484 | D:2      | 1484 ||| READING 3 scrolls of teleportation.
  1485 | D:2      | Slain by a gnoll

Levels and vault maps discovered:
D:1:      heliophobic_arrival_battle_scene, layout_loops_corners, st_stairs_11,
          corexii_corridor_pit, minmay_cut_off
D:2:      minmay_roachtagon, layout_rooms, minmay_tetromino_t4

Skill      XL: |  1  2  3 |
---------------+----------+-----
Axes           | 3 4 |  4.4
Armour         | 1 |  1.0
Fighting       | |  3.2
Spellcasting   | |  1.0
Fire Magic     | |  3.0

Action                     |  1- 3 |  4- 6 || total
---------------------------+-------+-------++-------
  Melee: Hand axe          |   120 |     4 ||   124
 Invoke: Fiery Armour      |     1 |     1 ||     2
    Use: Scroll            |     5 |     2 ||     7
 Armour: Robe              |    52 |       ||    52
         Ring mail         |     4 |     5 ||     9
  Dodge: Dodged            |    64 |    10 ||    74

Table legend:
 A = Non-vault XP
 B = Vault XP
 C = Vault XP percentage of total XP
 D = Non-vault monster count
 E = Vault monster count
 F = Vault count percentage of total count
                 A         B        C        D         E       F
            +---------+---------+-------+---------+---------+-------
      Total |     104 |       9 |   8.0 |      34 |       6 |  15.0
            +---------+---------+-------+---------+---------+-------
        D:1 |      54 |       9 |  14.3 |      27 |       6 |  18.2
        D:2 |      50 |       0 |   0.0 |       7 |       0 |   0.0
            +---------+---------+-------+---------+---------+-------
